[Event "Live Chess"]
[Site "Chess.com"]
[Date "2024.06.01"]
[Round "-"]
[White "FlyingChessKestrel13"]
[Black "CarmelJane"]
[Result "1/2-1/2"]
[WhiteElo "2096"]
[BlackElo "2086"]
[TimeControl "300"]
[EndTime "11:09:32 PDT"]
[Termination "Game drawn - insufficient material"]

1. e4 c5 2. c4 e6 3. Nc3 Nc6 4. Nf3 a6 5. Be2 b6 6. O-O Bb7 7. d4 cxd4 8. Nxd4 Qc7 9. Be3 Nf6 10. f3 Bd6 11. f4 Nxd4 12. Qxd4 Bc5 13. Qd3 Qc6 14.
b3 Bxe3+ 15. Qxe3 O-O 16. Bf3 Qc7 17. e5 Ne8 18. Ne4 Bxe4 19. Bxe4 Rd8 20. Rf3 d5 21. cxd5 exd5 22. Bd3 d4 23. Qe4 f5 24. Qe2 b5 25. Qd2 Qe7 26. Rc1 Nc7 27. Rh3 Nd5 28. Qf2 Nc3 29. g4 g6 30. gxf5 gxf5 31. Rg3+ Kh8 32. Rg5 Rg8 33. Re1 Rxg5+ 34. fxg5 Qxg5+ 35. Qg3 Rg8 36. Qxg5 Rxg5+ 37. Kf2 Kg7 38. Kf3 Kf7 39. Kf4 Rh5 40. Bxf5 Rxh2 41. Kg3 Rh5 42. Bg4 Rg5 43. Kf4 Rg7 44. Rh1 Ke7 45. Rh2 d3 46. Bf5 Ne2+ 47. Ke3 Rg3+ 48. Kd2 Nf4 49. Rxh7+ Ke8 50. Rh2 Ke7 51.
Rf2 Nd5 52. Bxd3 Nb4 53. Bb1 Rg5 54. a3 Nc6 55. Kc3 Rxe5 56. Bd3 Re3 57. Re2 Rxe2 58.
Bxe2 Kd6 59. Bf3 Kc5 60. b4+ Kb6 61. Bxc6 Kxc6 62. Kb3 Kb6 63. a4 bxa4+ 64. Kxa4 Ka7 65. Ka5 Kb7 66. b5 axb5 67. Kxb5 1/2-1/2

[Event "Live Chess"]
[Site "Chess.com"]
[Date "2024.06.01"]
[Round "-"]
[White "AnotherOneBadPlayer"]
[Black "Cruiseylee78"]
[Result "1-0"]
[WhiteElo "2227"]
[BlackElo "1689"]
[TimeControl "300"]
[EndTime "11:09:34 PDT"]
[Termination "AnotherOneBadPlayer won by resignation"]

1. Nf3 d6 2. b3 Nd7 3. Bb2 e5 4. e3 c6 5. Be2 Ngf6 6. d4 Be7 7. O-O Qc7 8. Nbd2 h6 9. c4 g5 10. Qc2 exd4 11. Nxd4 Rg8 12. Nf5 Rg6 13. Nxe7 Kxe7 14. Bd3 Rg7 15. Ne4 Ne5 16. Nxf6 Kxf6 17. f4 gxf4 18. exf4 Qb6+ 19. Kh1 Ke6 20. fxe5 dxe5 21.
c5 Qc7 22. Bc4+ Kd7 23. Rad1+ Ke8 24. Qe4 f5 25. Qh4 Rg6 26. Qh5 Qg7 27. Bxe5 Kf8 28.
Bxg7+ 1-0

[Event "Live Chess"]
[Site "Chess.com"]
[Date "2024.06.01"]
[Round "-"]
[White "viktorskliarov"]
[Black "ACM42"]
[Result "1-0"]
[WhiteElo "2645"]
[BlackElo "2209"]
[TimeControl "300"]
[EndTime "11:09:38 PDT"]
[Termination "viktorskliarov won by resignation"]

1. e4 e6 2. d4 d5 3. e5 c5 4. c3 Nc6 5. Nf3 Qb6 6. a3 a5 7. Bd3 Bd7 8. Bc2 cxd4 9. cxd4 Nh6 10. O-O Nf5 11. Bxf5 exf5 12. Nc3 Be6 13. Na4 Qa7 14. Be3 Rc8 15. Rc1 Be7 16. Ne1 O-O 17. Nd3 b6 18.
Nf4 Qb7 19. Qf3 Na7 20. Nc3 Rfd8 21. Qg3 Qb8 22. Nh5 g6 23. Bg5 Bxg5 24. Qxg5 h6 25.
Nf6+ Kg7 26. Qg3 Nc6 27. Ne2 b5 28. h4 b4 29. a4 Qb6 30. Qe3 Nb8 31. b3 Nd7 32.
Nf4 Qb7 33. Nd3 Rc3 34. Nxd7 Qxd7 35. Rxc3 bxc3 36. Nc5 Qc7 37. Qxc3 Qb6 38. Rc1 Rb8 39. h5 g5 40. Nxe6+ fxe6 41. Qc7+ Kg8 42. Qe7 Rf8 43. Rc7 1-0

[Event "Live Chess"]
[Site "Chess.com"]
[Date "2024.06.01"]
[Round "-"]
[White "Queensandpawns"]
[Black "Duke_of_Bebington"]
[Result "1-0"]
[WhiteElo "2443"]
[BlackElo "1628"]
[TimeControl "300"]
[EndTime "11:09:54 PDT"]
[Termination "Queensandpawns won by resignation"]

1. e4 e5 2. d4 exd4 3. c3 d5 4.
e5 dxc3 5. Nxc3 Bb4 6. Nf3 Nc6 7.
Bg5 f6 8. exf6 Nxf6 9. Bb5 O-O 10. O-O Bg4 11. h3 Bxf3 12. Qxf3 Bxc3 13. Qxc3 Ne4 14. Bxd8 Nxc3 15. Bxc6 bxc6 16. Bxc7 Ne2+ 17. Kh2 Rac8 18.
Bd6 Rf6 19. Bc5 Nf4 20. Rad1 Ne6 21. Bxa7 Ra8 22. Bd4 Nxd4 23. Rxd4 Rxa2 24. Rb4 c5 25. Rb5 Rc6 26. Rc1 d4 27. Kg3 Kf7 28. b4 c4 29.
Rd5 d3 30. Rxd3 cxd3 31. Rxc6 Ke7 32. Rc4 Rb2 33. Rd4 d2 34. Kf3 Ke6 35. Ke2 Ke5 36.
Rxd2 Rxb4 37. Rd7 Kf6 38. Kf3 Rb3+ 39. Kg4 Rb4+ 40. f4 h5+ 41. Kg3 g6 42. Rd6+ Kf5 43.
Rd5+ Kf6 44. Ra5 Rb3+ 45. Kh4 Rb2 46. g3 Rb6 47. Rc5 Re6 48. Re5 Rd6 49. Re8 Kf7 50. Ra8 Rd7 51. g4 hxg4 52. hxg4 Rd1 53. Ra6 Rd8 54. Rc6 Rg8 55. Kg5 Rg7 56. Rc7+ Kf8 57. Rc6 Kf7 58. Rf6+ Ke7 59. Rxg6 Rf7 60. f5 Ke8 61.
Re6+ Kf8 62. Rf6 Rxf6 63. Kxf6 Kg8 64. g5 Kf8 65. g6 Kg8 66. Ke7 Kg7 67. f6+ Kxg6 68.
f7 Kg7 69. f8=Q+ Kh7 70. Qf1 Kg6 71. Qf4 1-0

[Event "Live Chess"]
[Site "Chess.com"]
[Date "2024.06.01"]
[Round "-"]
[White "febray_27"]
[Black "ProfPoisson"]
[Result "1-0"]
[WhiteElo "1987"]
[BlackElo "1239"]
[TimeControl "300"]
[EndTime "11:10:03 PDT"]
[Termination "febray_27 won by checkmate"]

1. Nf3 f5 2. d4 e6 3. g3 Nf6 4.
Bg2 Be7 5. O-O d6 6. c4 O-O 7. Nc3 Ne4 8. Qc2 Nxc3 9. Qxc3 a5 10. b3 Bf6 11. Bb2 c5 12. e3 Nc6 13. Rfd1 Qe8 14. Qd2 e5 15. dxe5 dxe5 16. Qd5+ Kh8 17. Qxc5 Nb4 18.
a3 Nc6 19. Rd2 Be7 20. Qd5 Rf6 21. Nxe5 Nxe5 22. Bxe5 Be6 23. Qxb7 Rg6 24. Qxa8 Qxa8 25. Bxa8 f4 26. exf4 h5 27. Be4 Rh6 28. Rad1 h4 29.
f5 hxg3 30. fxe6 gxf2+ 31. Kxf2 Bc5+ 32. Kg2 Rxe6 33. Rd8+ Re8 34. Rxe8+ Bf8 35. Rxf8# 1-0

[Event "Live Chess"]
[Site "Chess.com"]
[Date "2024.06.01"]
[Round "-"]
[White "Golden_Plans"]
[Black "Sokolik_UA"]
[Result "1-0"]
[WhiteElo "2253"]
[BlackElo "804"]
[TimeControl "300"]
[EndTime "11:10:27 PDT"]
[Termination "Golden_Plans won by checkmate"]

1. d4 d6 2. Nc3 e5 3. Nf3 exd4 4. Bg5 Nf6 5. Qxd4 Be7 6. O-O-O O-O 7. e3 Nc6 8. Qh4 h6 9. Bd3 hxg5 10. Nxg5 Bf5 11.
Bxf5 Ne5 12. Bh7+ Nxh7 13. Qxh7# 1-0

[Event "Live Chess"]
[Site "Chess.com"]
[Date "2024.06.01"]
[Round "-"]
[White "Mangoalo"]
[Black "dhairyapandyauk"]
[Result "0-1"]
[WhiteElo "1009"]
[BlackElo "1743"]
[TimeControl "300"]
[EndTime "11:10:36 PDT"]
[Termination "dhairyapandyauk won by resignation"]

1. e4 e5 2. Nf3 Nc6 3. d4 exd4 4.
Nxd4 Nxd4 5. Qxd4 d6 6. Nc3 Be6 7. Bc4 Qf6 8. Qxf6 Nxf6 9. Bxe6 fxe6 10. O-O Be7 11. Bg5 h6 12. Bxf6 Bxf6 13. Rad1 Bxc3 14. bxc3 Kd7 15. Rd3 e5 16. Rfd1 Ke6 17. g4 Rhf8 18. Kg2 Rf4 19. f3 Raf8 20. h4 h5 21. g5 Rxh4 22.
Kg3 Rhf4 23. Rf1 h4+ 24. Kh3 Kf7 25. c4 Kg6 26. a4 Rxe4 27. Rg1 Rxc4 0-1

[Event "Live Chess"]
[Site "Chess.com"]
[Date "2024.06.01"]
[Round "-"]
[White "RamsayFlayer"]
[Black "NeilDruggan73"]
[Result "1-0"]
[WhiteElo "1961"]
[BlackElo "1711"]
[TimeControl "300"]
[EndTime "11:10:41 PDT"]
[Termination "RamsayFlayer won by resignation"]

1. e4 d6 2. d4 Nf6 3. Nc3 Bg4 4.
Be2 Bxe2 5. Qxe2 g6 6. Nf3 Bg7 7. Bf4 b6 8. O-O-O Nh5 9. Bg5 h6 10. Be3 Nf6 11. h3 c5 12. g4 Qc7 13. Bf4 g5 14. Bg3 Nc6 15. e5 dxe5 16. dxe5 Ng8 17. e6 Qb7 18. exf7+ Kxf7 19. Qc4+ e6 20. Rhe1 Re8 21.
Ne4 Kg6 22. Nd6 Qa8 23. Nxe8 Qxe8 24. Rxe6+ 1-0

[Event "Live Chess"]
[Site "Chess.com"]
[Date "2024.06.01"]
[Round "-"]
[White "yarek"]
[Black "Brooms1989"]
[Result "1-0"]
[WhiteElo "1718"]
[BlackElo "1069"]
[TimeControl "300"]
[EndTime "11:10:53 PDT"]
[Termination "yarek won by resignation"]

1. e4 e5 2. d4 exd4 3. Qxd4 Nc6 4. Qe3 Nf6 5. Nc3 Be7 6. Bd2 O-O 7. O-O-O d6 8. Bc4 Ne5 9. Bb3 c5 10. Bd5 Nxd5 11.
Nxd5 Be6 12. Bc3 b5 13. f4 Nc4 14. Qf3 Bxd5 15. Rxd5 Qa5 16. Bxa5 1-0

[Event "Live Chess"]
[Site "Chess.com"]
[Date "2024.06.01"]
[Round "-"]
[White "JanMur7"]
[Black "Kyrylo7770"]
[Result "1-0"]
[WhiteElo "2294"]
[BlackElo "1684"]
[TimeControl "300"]
[EndTime "11:11:05 PDT"]
[Termination "JanMur7 won by checkmate"]

1. c4 c6 2. Nc3 d5 3. d4 Nf6 4.
Nf3 Bf5 5. Qb3 b6 6. cxd5 Nxd5 7. Nxd5 Be6 8. e4 cxd5 9. Bb5+ Bd7 10. Qxd5 e6 11.
Bxd7+ Nxd7 12. Qb5 Rc8 13. Ne5 Bd6 14. Qxd7+ Qxd7 15. Nxd7 Kxd7 16. Bd2 a5 17. Bc3 Bf4 18. g3 Bh6 19.
O-O g6 20. d5 Rhg8 21. dxe6+ Kxe6 22. Rad1 Rc4 23. f3 Be3+ 24. Kg2 Rgc8 25. Rd5 Bc5 26.
Rfd1 Ra4 27. Re5+ Kf6 28. Rxc5+ Ke7 29. Rxc8 Rxa2 30. Rc7+ Kf8 31. Rd8# 1-0

[Event "Live Chess"]
[Site "Chess.com"]
[Date "2024.06.01"]
[Round "-"]
[White "vincents82"]
[Black "Cruiseylee78"]
[Result "0-1"]
[WhiteElo "2112"]
[BlackElo "1704"]
[TimeControl "300"]
[EndTime "11:11:13 PDT"]
[Termination "Cruiseylee78 won by resignation"]

1. e4 d6 2. d4 Nd7 3. Nc3 e5 4. Nf3 Ngf6 5. Be2 c6 6. h3 Be7 7. Be3 h6 8. Qd2 Qc7 9. O-O-O b5 10. dxe5 dxe5 11. Bd3 a5 12. Nh4 Nc5 13. Nf5 Bxf5 14. exf5 Nxd3+ 15. Qxd3 b4 16. Qe4 bxc3 0-1

[Event "Live Chess"]
[Site "Chess.com"]
[Date "2024.06.01"]
[Round "-"]
[White "Duke_of_Bebington"]
[Black "KeithArkell"]
[Result "0-1"]
[WhiteElo "1628"]
[BlackElo "2518"]
[TimeControl "300"]
[EndTime "11:11:31 PDT"]
[Termination "KeithArkell won by resignation"]

1. e4 c6 2. d4 d5 3. e5 c5 4. c3 cxd4 5. cxd4 Nc6 6. Nf3 Bg4 7. Be2 Bxf3 8. Bxf3 e6 9. O-O Qb6 10.
Be3 Nge7 11. Qb3 Qxb3 12. axb3 Nf5 13. Nc3 Nfxd4 14. Bxd4 Nxd4 15. Nb5 Nxb5 0-1

[Event "Live Chess"]
[Site "Chess.com"]
[Date "2024.06.01"]
[Round "-"]
[White "Zhevzh1k7"]
[Black "nigelst"]
[Result "1-0"]
[WhiteElo "1086"]
[BlackElo "1662"]
[TimeControl "300"]
[EndTime "11:11:41 PDT"]
[Termination "Zhevzh1k7 won by checkmate"]

1. e4 c6 2. d4 d5 3. f3 e6 4. Nc3 Bb4 5. Bd2 Bxc3 6. Bxc3 dxe4 7. fxe4 Qh4+ 8. Ke2 Qxe4+ 9. Kd2 Qf4+ 10. Ke2 Nf6 11. Nf3 Ng4 12. Qd2 Qxd2+ 13. Nxd2 Nf2 14. Kxf2 O-O 15.
Nf3 Nd7 16. Bd3 b6 17. Rhe1 Bb7 18. a4 c5 19. dxc5 Nxc5 20. Ra2 Rad8 21. Re3 Bd5 22. b3 a5 23. Bd4 Bxf3 24. Bxc5 bxc5 25. gxf3 Rd4 26.
Re4 Rd6 27. Ke3 Rfd8 28. Ra1 f6 29. Rd1 Kf7 30. f4 h6 31. Rc4 Rd5 32. Re4 Rh5 33. Rd2 Rdd5 34. c4 Rh3+ 35. Ke2 Rxh2+ 36. Ke3 Rh3+ 37.
Ke2 Rdh5 38. Re3 Rh2+ 39. Kd1 R5h4 40. Rxh2 Rxh2 41. Re2 Rh1+ 42. Kd2 Rf1 43. Re4 f5 44.
Bxf1 fxe4 45. Ke3 h5 46. Kxe4 h4 47. Ke5 g6 48. Kd6 Kf6 49. Kxc5 Kf5 50. Kb5 Kxf4 51. c5 Kf3 52. c6 Kf2 53. c7 Kxf1 54. c8=Q h3 55. Qf8+ Kg1 56. Qc5+ Kg2 57. Qc2+ Kg1 58. Qxg6+ Kf2 59. Qc2+ Kg1 60. Qd1+ Kg2 61. Kxa5 h2 62. Qd2+ Kg1 63. Qe3+ Kg2 64. Qg5+ Kf1 65. Qf4+ Kg1 66. Qc1+ Kg2 67. b4 h1=Q 68. Qxh1+ Kxh1 69. b5 e5 70. b6 e4 71. b7 e3 72. b8=Q e2 73.
Qh8+ Kg1 74. Qe5 Kf1 75. Kb6 e1=Q 76. Qxe1+ Kxe1 77. a5 Ke2 78. a6 Ke3 79. a7 Ke4 80. a8=Q+ Kd4 81. Qe8 Kc4 82. Kc6 Kd4 83. Qe6 Kd3 84.
Kd5 Kc3 85. Qg4 Kb3 86. Qc4+ Kb2 87. Qd3 Kc1 88. Qe2 Kb1 89. Kc4 Ka1 90. Kb3 Kb1 91.
Qb2# 1-0

[Event "Live Chess"]
[Site "Chess.com"]
[Date "2024.06.01"]
[Round "-"]
[White "SirGerhard"]
[Black "elephantgerrald"]
[Result "1-0"]
[WhiteElo "2772"]
[BlackElo "757"]
[TimeControl "300"]
[EndTime "11:11:41 PDT"]
[Termination "SirGerhard won by checkmate"]

1. d4 d5 2. c4 dxc4 3. Nf3 Nf6 4. Nc3 Nc6 5. e4 e6 6. Bxc4 Bb4 7. Qd3 Bxc3+ 8. bxc3 O-O 9. O-O e5 10. Ba3 Re8 11.
Ng5 Kh8 12. Nxf7+ Kg8 13. Nxd8+ Kh8 14. Nxc6 bxc6 15. dxe5 Bb7 16. exf6 Red8 17. fxg7+ Kxg7 18. Qg3+ Kh8 19. Qe5# 1-0

[Event "Live Chess"]
[Site "Chess.com"]
[Date "2024.06.01"]
[Round "-"]
[White "IanCalvert2"]
[Black "Isambard_Thomas"]
[Result "0-1"]
[WhiteElo "1446"]
[BlackElo "2165"]
[TimeControl "300"]
[EndTime "11:11:52 PDT"]
[Termination "Isambard_Thomas won on time"]

1. b3 d5 2. Bb2 Nf6 3. Nf3 c6 4. g3 Bg4 5. Bg2 e6 6. O-O Nbd7 7. c4 Bd6 8. d3 Qe7 9. Nbd2 O-O-O 10. cxd5 exd5 11.
Rc1 h5 12. h4 Kb8 13. Qc2 Rhe8 14. e3 Rc8 15. Rfe1 Bb4 16. Bc3 Ba3 17. Bb2 Bd6 18.
Nd4 Bc5 19. e4 Bb6 20. e5 Nxe5 21. Rxe5 Qxe5 22. Nxc6+ Rxc6 23. Bxe5+ Rxe5 24. Qb2 Rxc1+ 25. Qxc1 Re2 26. Nf3 Bxf2+ 27. Kh1 Bxg3 28. Qc5 Bxf3 29. Bxf3 Rh2+ 30. Kg1 Bf2+ 31. Qxf2 Rxf2 32. Kxf2 Kc7 33. Ke3 Kd6 34. Kd4 a6 35. b4 b5 0-1

[Event "Live Chess"]
[Site "Chess.com"]
[Date "2024.06.01"]
[Round "-"]
[White "Bob2pen"]
[Black "Ninifu"]
[Result "1-0"]
[WhiteElo "1850"]
[BlackElo "2015"]
[TimeControl "300"]
[EndTime "11:11:57 PDT"]
[Termination "Bob2pen won on time"]

1. c4 Nf6 2. g3 g6 3. Bg2 Bg7 4. Nc3 O-O 5. Nf3 d6 6. O-O e5 7.
d3 h6 8. Rb1 a5 9. a3 Re8 10.
b4 axb4 11. axb4 e4 12. Nxe4 Nxe4 13. dxe4 Rxe4 14. c5 Nc6 15. cxd6 cxd6 16. b5 Nd4 17. Nxd4 Rxd4 18. Qb3 Bf5 19. Be3 Rda4 20. Bxb7 Be6 21. Bd5 Ra3 22. Bxe6 Rxb3 23. Bxb3 d5 24. Rfd1 d4 25. Bf4 Qb6 26. Bc4 g5 27. Bd2 Rc8 28. Bd3 Re8 29. Rdc1 Re5 30. Rc6 Qb7 31. Rbc1 Rxb5 32.
Bxb5 Qxb5 33. Be1 Qxe2 34. Bb4 d3 35. Re1 Qf3 36. Rd6 h5 37. Re3 Qd1+ 38. Kg2 Qb3 39.
Bd2 h4 40. Rexd3 Qb7+ 41. Kh3 Qc8+ 42. Kg2 h3+ 43. Kf3 Qf5+ 44. Ke2 Qe4+ 45. Kd1 Qh1+ 46. Ke2 Qxh2 47. Rd8+ Kh7 48. R8d7 Kg6 49. R3d5 f6 50. R7d6 Qg2 51. Bxg5 Qe4+ 52. Be3 h2 53. Rg5+ Kh7 54. Rh5+ Kg8 55. Rxh2 1-0

[Event "Live Chess"]
[Site "Chess.com"]
[Date "2024.06.01"]
[Round "-"]
[White "jimwad"]
[Black "WelshTiger"]
[Result "0-1"]
[WhiteElo "1252"]
[BlackElo "2536"]
[TimeControl "300"]
[EndTime "11:12:09 PDT"]
[Termination "WelshTiger won by resignation"]

1. d4 d5 2. c4 dxc4 3. e3 e6 4. Bxc4 a6 5. Nc3 b5 6. Bd3 Bb7 7. Nf3 Nf6 8. O-O Nbd7 9. Qe2 c5 10. dxc5 Nxc5 11. Bc2 Be7 12. Rd1 Qc7 13. e4 O-O 14.
Bg5 h6 15. Bxf6 Bxf6 16. e5 Be7 17. Rac1 Qb6 18. Be4 Rfd8 19. Bxb7 Qxb7 20. b4 Nd7 21. a3 Nf8 22. Ne4 Ng6 23. Nd6 Qb6 24. Qc2 Bxd6 25.
exd6 Rxd6 26. Rxd6 Qxd6 27. Rd1 Qf4 28. h3 Qf6 29. Qc6 Ra7 30. Qe8+ Kh7 31. Rd8 Nf4 32. Rd7 Rxd7 33. Qxd7 Nxh3+ 34. gxh3 Qxf3 35. h4 Kg6 36. Qd6 Qxa3 37. Qc5 Qf3 38. Qc2+ Qf5 39. Qc6 Qg4+ 40. Kf1 Qc4+ 41. Qxc4 bxc4 42. Ke1 Kh5 43. Kd2 Kxh4 44. Kc3 Kg4 45. Kxc4 h5 46. Kc5 h4 47. Kb6 h3 48.
Kxa6 h2 49. b5 h1=Q 50. b6 Qa8+ 51. Kb5 Qb7 0-1

[Event "Live Chess"]
[Site "Chess.com"]
[Date "2024.06.01"]
[Round "-"]
[White "Dhaydon19"]
[Black "rakibsachchu"]
[Result "1-0"]
[WhiteElo "2677"]
[BlackElo "1579"]
[TimeControl "300"]
[EndTime "11:12:22 PDT"]
[Termination "Dhaydon19 won on time"]

1. Nf3 Nf6 2. e3 g6 3. b3 Bg7 4. Bb2 O-O 5. Be2 d6 6. c4 e5 7. O-O c6 8. Nc3 Nbd7 9. Qc2 Nc5 10. d3 a5 11. a3 Qe7 12. b4 Ne6 13. Na4 b5 14. Nb6 Rb8 15. bxa5 Nd7 16. Nxc8 Rfxc8 17. Rfc1 Ndc5 18. cxb5 cxb5 19. d4 exd4 20. Nxd4 Na4 21. Qxc8+ Rxc8 22. Rxc8+ Bf8 23. Rb1 Qb7 24. Rcc1 Qa7 25.
Nxe6 fxe6 26. Bd4 Qxa5 27. Bxb5 Nc5 28. Bxc5 dxc5 29. a4 Kg7 30. Rd1 Kf6 31. Rbc1 Ke5 32. g3 h5 33. Kg2 h4 34. f4+ Kf5 35. Rd7 Kf6 36. e4 e5 37. Rf1 exf4 38. Rxf4+ Ke5 39.
Rxf8 1-0

[Event "Live Chess"]
[Site "Chess.com"]
[Date "2024.06.01"]
[Round "-"]
[White "CarmelJane"]
[Black "SavagePawn7"]
[Result "1-0"]
[WhiteElo "2086"]
[BlackElo "684"]
[TimeControl "300"]
[EndTime "11:12:23 PDT"]
[Termination "CarmelJane won by resignation"]

1. e4 d5 2. exd5 Nf6 3. d4 Nxd5 4. Nf3 Nc6 5. h3 Bf5 6. a3 e6 7. c4 Nde7 8. Nc3 Ng6 9. Be2 a6 10. O-O b5 11. cxb5 axb5 12. Bxb5 Qd7 13. d5 exd5 14. Qxd5 Qxd5 15. Nxd5 Bd7 16. Nxc7+ Kd8 17. Nxa8 Bc5 18. Rd1 1-0

[Event "Live Chess"]
[Site "Chess.com"]
[Date "2024.06.01"]
[Round "-"]
[White "sebmoran1"]
[Black "MagnersCarlsberg2870"]
[Result "1-0"]
[WhiteElo "1489"]
[BlackElo "1877"]
[TimeControl "300"]
[EndTime "11:12:24 PDT"]
[Termination "sebmoran1 won by resignation"]

1. c4 Nf6 2. Nc3 e5 3. g3 Bc5 4.
Bg2 Ng4 5. e3 Nc6 6. Qxg4 O-O 7.
d4 d5 8. Qe2 exd4 9. exd4 Re8 10.
dxc5 Rxe2+ 11. Ngxe2 d4 12. Nd5 d3 13. Nec3 Qe8+ 14.
Be3 Nd4 15. O-O Ne2+ 16. Nxe2 dxe2 17. Rfe1 Qd8 18. Rxe2 c6 19. Nf4 Bg4 20. Rd2 Qa5 21. h3 Bh5 22. g4 Bg6 23. Rad1 h6 24. Nxg6 fxg6 25. a3 Rf8 26. Rd7 b6 27. cxb6 axb6 28. Bd4 Rf7 29. Rd8+ Kh7 30. Bxc6 h5 31. Bd5 Re7 32.
Bg8+ Kh6 33. Be3+ g5 34. R8d6+ g6 35. gxh5 Kxh5 36. Be6 Qe5 37. Bg4+ Kh6 38. R6d5 Qxb2 39. Rxg5 Rxe3 40. fxe3 Kxg5 41. e4 Qxa3 42. e5 Qe3+ 43. Kg2 Qe4+ 44. Bf3 Qxc4 45. Rg1 Kf5 46. Re1 Qe6 47.
Bg4+ Kg5 48. Bxe6 1-0

[Event "Live Chess"]
[Site "Chess.com"]
[Date "2024.06.01"]
[Round "-"]
[White "Stanbad1"]
[Black "hapehansen"]
[Result "1-0"]
[WhiteElo "2681"]
[BlackElo "2241"]
[TimeControl "300"]
[EndTime "11:12:35 PDT"]
[Termination "Stanbad1 won by resignation"]

1. d4 Nf6 2. Nc3 d5 3. Bf4 e6 4. Nb5 Bb4+ 5. c3 Ba5 6. a4 a6 7. b4 axb5 8. axb5 c6 9. bxa5 cxb5 10. e3 Nc6 11. Bxb5 O-O 12. a6 Qb6 13. axb7 Bxb7 14.
Rb1 Ba6 15. Bxa6 Qxa6 16. Ne2 Rfc8 17. O-O Na5 18. f3 Nc4 19. Qd3 Nb6 20. Qxa6 Rxa6 21. Ra1 Rxa1 22. Rxa1 Nfd7 23. e4 f6 24. Bd6 Nc4 25.
Bb4 dxe4 26. fxe4 Nd2 27. Ng3 Nc4 28. Ra7 Nf8 29. Nh5 1-0

[Event "Live Chess"]
[Site "Chess.com"]
[Date "2024.06.01"]
[Round "-"]
[White "StoreySniper"]
[Black "resipsa6"]
[Result "1-0"]
[WhiteElo "2562"]
[BlackElo "2027"]
[TimeControl "300"]
[EndTime "11:12:39 PDT"]
[Termination "StoreySniper won by checkmate"]

1. c4 Nf6 2. g3 g6 3. Bg2 Bg7 4. Nc3 O-O 5. d4 c6 6. e4 d6 7.
Nge2 Na6 8. h3 Nc7 9. g4 h6 10.
Be3 Kh7 11. f4 Re8 12. e5 dxe5 13. fxe5 Nd7 14. O-O e6 15. Rxf7 Rf8 16. Rxf8 Qxf8 17. Qd3 b5 18. cxb5 Rb8 19. Bxc6 Nb6 20. Rf1 Qb4 21.
Be4 Bd7 22. Bxg6+ Kh8 23. Be4 Nxb5 24. Nf4 Nxc3 25. Bh7 Ne2+ 26. Nxe2 Bb5 27. Qg6 Bxe2 28. Rf7 Qe1+ 29. Kh2 Bf8 30. Qg8# 1-0

[Event "Live Chess"]
[Site "Chess.com"]
[Date "2024.06.01"]
[Round "-"]
[White "GerardATHart"]
[Black "Nazar-Makarchuk"]
[Result "0-1"]
[WhiteElo "1414"]
[BlackElo "1538"]
[TimeControl "300"]
[EndTime "11:12:48 PDT"]
[Termination "Nazar-Makarchuk won by resignation"]

1. e4 d5 2. exd5 Qxd5 3. d4 Nc6 4. Be3 e5 5. c4 Qa5+ 6. Nc3 exd4 7. Bxd4 Nxd4 8.
Qxd4 Qb6 9. O-O-O Qxd4 10. Rxd4 Nf6 11. Nf3 Bc5 12. Rd2 O-O 13. Bd3 Bg4 14. h3 Bxf3 15.
gxf3 Bb4 16. Rdd1 Rfd8 17. Kc2 Kf8 18. Rdg1 Bxc3 19. Kxc3 g6 20. Re1 Nh5 21. Re4 Re8 22. Rhe1 Nf6 23. Rxe8+ Rxe8 24. Rxe8+ Kxe8 25. Kd4 Ke7 26.
Ke5 Nh5 27. b4 f6+ 28. Kd4 Nf4 29. Be4 Nxh3 30. Bxb7 Nxf2 31. Kc5 Kd8 32. Kc6 Nd3 33. b5 Ne5+ 34. Kd5 Nxf3 35. Ke6 Nd2 36. c5 f5 37. a4 f4 38. a5 f3 39. Bxf3 Nxf3 40. b6 cxb6 41.
cxb6 a6 0-1

[Event "Live Chess"]
[Site "Chess.com"]
[Date "2024.06.01"]
[Round "-"]
[White "Kyrylo7770"]
[Black "SirGerhard"]
[Result "0-1"]
[WhiteElo "1684"]
[BlackElo "2772"]
[TimeControl "300"]
[EndTime "11:12:59 PDT"]
[Termination "SirGerhard won by checkmate"]

1. d4 Nf6 2. Nf3 g6 3. Bg5 Bg7 4. e3 O-O 5. h4 h6 6. Bxf6 Bxf6 7. h5 g5 8. Bd3 c5 9. c3 Nc6 10. d5 Ne5 11. Bc2 Qb6 12. Nxe5 Bxe5 13. Qd3 f5 14. b3 d6 15. e4 c4 16. Qd1 fxe4 17. Bxe4 Qxf2# 0-1

[Event "Live Chess"]
[Site "Chess.com"]
[Date "2024.06.01"]
[Round "-"]
[White "febray_27"]
[Black "Queensandpawns"]
[Result "0-1"]
[WhiteElo "1983"]
[BlackElo "2444"]
[TimeControl "300"]
[EndTime "11:13:06 PDT"]
[Termination "Queensandpawns won by checkmate"]

1. Nf3 e5 2. Nxe5 Nc6 3. Nxc6 dxc6 4. g3 h5 5. h4 Bc5 6. Nc3 Nf6 7. e3 Ng4 8. d4 Bd6 9. Ne4 Be7 10. f3 Nf6 11. Nxf6+ Bxf6 12. Bd2 Qd6 13. f4 Qd5 14. Rg1 Bg4 15.
Be2 O-O-O 16. Bxg4+ hxg4 17. Qxg4+ Kb8 18. O-O-O Qxa2 19. Bc3 c5 20. f5 cxd4 21. exd4 c5 22. b3 cxd4 23. Bb2 d3 24. Bxf6 Qxc2# 0-1

[Event "Live Chess"]
[Site "Chess.com"]
[Date "2024.06.01"]
[Round "-"]
[White "dl_chess"]
[Black "chessfiction"]
[Result "0-1"]
[WhiteElo "1171"]
[BlackElo "2411"]
[TimeControl "300"]
[EndTime "11:13:08 PDT"]
[Termination "chessfiction won on time"]

1. e4 d6 2. Nc3 Nf6 3. d4 c6 4. h3 g6 5. Nf3 Bg7 6. Be3 O-O 7. Be2 b5 8. a3 a5 9. b4 Nbd7 10. O-O Bb7 11. Qd2 Qc7 12. Bh6 e5 13. Bxg7 Kxg7 14. d5 cxd5 15. exd5 Rfc8 16. Nxb5 Qxc2 17.
Nxd6 Qxd2 18. Nxd2 Rc2 19. Nxb7 Rxd2 20. Bb5 Rb8 21.
Nd6 axb4 22. axb4 Nb6 23. Ra7 Rf8 24. Rb7 Nbxd5 25. Bc6 Nxb4 26. Rxb4 Rxd6 27. Rc1 Rc8 28. Rbc4 Nh5 29. Bb7 Rxc4 30. Rxc4 Nf4 31. Re4 f6 32. Kh2 Rd2 33. Kg3 h5 34. Rc4 h4+ 35. Kxh4 Rxf2 36. g3 Ne6 37. Bd5 g5+ 38. Kh5 Nd4 39. Rc7+ Kf8 40.
Rf7+ Ke8 41. Rxf6 Rxf6 42. Kxg5 Rd6 43. Be4 Rd5 0-1

[Event "Live Chess"]
[Site "Chess.com"]
[Date "2024.06.01"]
[Round "-"]
[White "Sokolik_UA"]
[Black "RomanKifliuk"]
[Result "0-1"]
[WhiteElo "804"]
[BlackElo "2343"]
[TimeControl "300"]
[EndTime "11:13:08 PDT"]
[Termination "RomanKifliuk won by resignation"]

1. e4 e5 2. d4 exd4 3. Qxd4 Nf6 4. Qe3 Nc6 5. Nc3 Bb4 6. Bd2 O-O 7. O-O-O d6 8. f3 a5 9. Bc4 Be6 10. Bxe6 fxe6 11.
Na4 e5 12. Bxb4 axb4 13. b3 b5 14. Nb2 Rxa2 15. c3 bxc3 16. Qxc3 Nd4 17. Kd2 Nxe4+ 18.
Kd3 Nxc3 19. Kxc3 b4+ 20. Kd3 Rxb2 21. Ke3 Qg5+ 22. Ke4 c6 23. Kd3 Qf5+ 24. Kc4 Qc2+ 25. Kxb4 Qc5+ 0-1

[Event "Live Chess"]
[Site "Chess.com"]
[Date "2024.06.01"]
[Round "-"]
[White "viktor_forever1994"]
[Black "Ferrarifan27"]
[Result "0-1"]
[WhiteElo "1390"]
[BlackElo "2060"]
[TimeControl "300"]
[EndTime "11:13:09 PDT"]
[Termination "Ferrarifan27 won on time"]

1. e4 e5 2. Nf3 Nc6 3. d4 exd4 4. Nxd4 Qh4 5. Nc3 Bb4 6. Be2 Qxe4 7. Nb5 Bxc3+ 8. bxc3 Kd8 9. O-O Nf6 10. Re1 Re8 11.
Ba3 d6 12. Bf3 Qxe1+ 13. Qxe1 Rxe1+ 14. Rxe1 a6 15. Nd4 Bd7 16. Nxc6+ Bxc6 17. Bxc6 bxc6 18. f3 Rb8 19. Kf2 Kd7 20. c4 c5 21. Rd1 Kc6 22.
Re1 Re8 23. Bb2 Rxe1 24. Kxe1 Ne8 25. Ke2 g6 26. Ke3 Kd7 27. Kf4 Ke6 28. Kg5 h5 29. h3 c6 30. g4 hxg4 31. hxg4 Nc7 32. Kf4 d5 33. cxd5+ Nxd5+ 34. Ke4 Nb4 0-1

[Event "Live Chess"]
[Site "Chess.com"]
[Date "2024.06.01"]
[Round "-"]
[White "peteopeteo"]
[Black "matt1979"]
[Result "1-0"]
[WhiteElo "1620"]
[BlackElo "1374"]
[TimeControl "300"]
[EndTime "11:13:24 PDT"]
[Termination "peteopeteo won on time"]

1. e4 d6 2. d4 Nf6 3. Nc3 Nbd7 4. Nf3 e5 5. Be3 Be7 6. Bd3 c6 7. O-O Qc7 8. Ne2 h6 9. Ng3 Ng4 10. Bd2 h5 11. h3 Ngf6 12. Nf5 g6 13. Ne3 Rg8 14.
c3 g5 15. Nf5 Nf8 16. Bxg5 Bxf5 17. exf5 N6h7 18. Bxe7 Qxe7 19. dxe5 dxe5 20. Nxe5 Qg5 21. Qf3 Nf6 22. Rfe1 O-O-O 23. Nxf7 Qh4 24. Nxd8 Kxd8 25.
Rad1 Kc8 26. Re7 Nd5 27. Rde1 Nf4 28. Re8+ Kc7 29. R8e7+ Kb6 30. Qe3+ c5 31. Qf3 Rxg2+ 32. Qxg2 Nxg2 33. Kxg2 Qg5+ 34. Kf1 Qh4 35. Re8 Qxh3+ 36. Ke2 Qg4+ 37. Kd2 Qf4+ 38. Kc2 Qxf2+ 39. R1e2 Qf4 40. f6 Qxf6 41. Rxf8 Qxf8 42. Re6+ Kc7 43. a4 b6 44. a5 a6 45. Rc6+ 1-0